 Dungeon Crawl Stone Soup version 0.21.1-1-g345015f (webtiles) character file.

380 microfolk the Caller (level 6, 0/28 HPs)
             Began as a Felid Summoner on May 9, 2018.
             Killed by divine providence
             ... invoked by an orc priest
              (13 damage)
             ... on level 5 of the Dungeon.
             The game lasted 00:30:15 (8711 turns).

microfolk the Caller (Felid Summoner)               Turns: 8711, Time: 00:30:16

Health: 0/28       AC:  2    Str:  4    XL:     6   Next: 46%
Magic:  5/11       EV: 19    Int: 18    God:
Gold:   234        SH:  0    Dex: 17    Spells: 1/11 levels left
                                        Lives:  0   Deaths: 1

rFire    . . .     SeeInvis +   (weapon unavailable)
rCold    . . .     Gourm    .   (shield unavailable)
rNeg     . . .     Faith    .   (armour unavailable)
rPois    .         Spirit   .   (helmet unavailable)
rElec    .         Reflect  .   (cloak unavailable)
rCorr    .         Harm     .   (gloves unavailable)
MR       .....                  (boots unavailable)
Stlth    +++.......             (no amulet)
HPRegen  0.09/turn              (no ring)
MPRegen  0.12/turn              (no ring)

@: quick
A: very small, no armour, no weapons or thrown items, stealth, claws 1, fangs 3,
see invisible, carnivore, speed 1, shaggy fur 2, slow metabolism 1, sharp paws
a: no special abilities


You were on level 5 of the Dungeon.
You were very full.

You visited 1 branch of the dungeon, and saw 5 of its levels.

You collected 234 gold pieces.

Inventory:

Missiles
 d - 98 arrows
Jewellery
 e - an uncursed ring of protection from fire {unknown}
 A - an uncursed amulet of faith {unknown}
Wands
 c - a wand of polymorph (16)
 p - a wand of enslavement (14)
Scrolls
 h - a scroll of teleportation {unknown}
 l - a scroll of remove curse {unknown}
 m - a scroll of amnesia {unknown}
 r - a scroll of fear
 s - a scroll of noise {unknown}
 v - a scroll of enchant armour {unknown}
 y - a scroll of immolation {unknown}
Potions
 f - a potion of brilliance {unknown}
 g - 2 potions of ambrosia
 i - a potion of berserk rage {unknown}
 k - a potion of magic
 n - a potion of invisibility {unknown}
 o - a potion of lignification {unknown}
 q - 2 potions of flight
 t - a potion of haste
 u - a potion of cancellation {unknown}
 w - 3 potions of heal wounds
 z - a potion of agility {unknown}
Books
 a - a book of Callings

   Spells                             Type                      Level
   a - Summon Small Mammal            Summoning                    1
   b - Call Imp                       Summoning                    2
   c - Call Canine Familiar           Summoning                    3
   d - Summon Guardian Golem          Hexes/Summoning              3
   e - Summon Lightning Spire         Summoning/Air                4
   f - Summon Ice Beast               Ice/Summoning                4
 x - a book of Cantrips

   Spells                             Type                      Level
   a - Confusing Touch                Hexes                        1
   b - Animate Skeleton               Necromancy                   1
   c - Summon Small Mammal            Summoning                    1
   d - Apportation                    Translocation                1
Comestibles
 b - 5 rations


   Skills:
 + Level 3.3 Fighting
 - Level 4.2 Dodging
 - Level 3.0 Stealth
 - Level 3.0 Spellcasting
 + Level 5.3 Summonings
 * Level 2.4 Air Magic


You had one spell level left.
You knew the following spells:

 Your Spells              Type           Power        Failure   Level  Hunger
a - Summon Small Mammal   Summ           ###.         1%          1    None
b - Call Imp              Summ           ###.....     2%          2    ##.....
c - Call Canine Familiar  Summ           ###.....     5%          3    ###....
d - Summon Lightning Spi  Summ/Air       ###.....     32%         4    ####...


Dungeon Overview and Level Annotations

Branches:
Dungeon (5/15)
 Temple: D:4-7

Altars:
Ashenzari
Gozag
Hepliaklqana
Makhleb
Nemelex Xobeh
Uskayaw
Vehumet
Xom

Annotations:
D:2 exclusion: downstairs
D:4 exclusions: door, downstairs and phantom
D:5 Menkaure


Innate Abilities, Weirdness & Mutations

You cannot wear armour.
You are incapable of wielding weapons or throwing items.
Your paws allow you to move quietly. (Stealth)
You have sharp claws.
You have razor-sharp teeth.
You have supernaturally acute eyesight. (SInv)
You are carnivorous and can eat meat at any time.
You cover ground quickly.
You are covered in thick fur. (AC +2)
You have a slow metabolism.
Your sharp claws are effective at attacking unaware monsters.


Message History

A beastly little devil appears in a puff of flame.
Your crimson imp barely misses the orc priest.
The orc priest calls down the wrath of Beogh upon your crimson imp.
Your crimson imp is smitten.
Your crimson imp hits the orc priest.
The orc priest dies!
The shadow imp hits you.
The orc closely misses your crimson imp.
Your crimson imp blinks!
Your crimson imp closely misses the shadow imp.
Your hound misses the orc.
A poisoned needle appears from out of your range of vision.
The poisoned needle misses your crimson imp.
The poisoned needle closely misses your crimson imp.
Your crimson imp hits the orc but does no damage.
Your crimson imp blinks!
Your hound bites the orc.
The orc priest mumbles some strange prayers to Beogh against you.
Beogh smites you!
You die...

#.............<..)..#....####....
#.......##########.(##.(.........
#.......# #.....).o..........
######### #.....#)##.....####
#.#####).#..####,,#
#.#...#..##'#,,*,,*
#.#...#).#..#,,+,,*
#.#...#o##..#'###**
#.@5.oh5)ยง.......*,
#.#[..#).####....+,
#.######.#,,****.**
#..#..(()#,,*,,*,,* #########
##..#...#.#+**,,*,,+
#..<....###...#####(#,,**+**,*
#.((..........#).#..#,,*,,,*,,
#.......###...#..'..#,,*,,,*,,
#..(....# ##.#####).##+#,,,*,*


You could see an orc priest, a shadow imp, an orc, a friendly hound and a
friendly crimson imp.

Vanquished Creatures
  An adder skeleton (D:4)
  2 orcs
  3 bats
  3 giant cockroaches
  7 goblins
  3 hobgoblins
  2 kobolds (D:3)
  2 quokkas (D:4)
  2 frilled lizards
  3 rats
28 creatures vanquished.

Vanquished Creatures (collateral kills)
  Edmund (D:5)
  A water moccasin skeleton (D:5)
  A hound (D:4)
  A bullfrog skeleton (D:4)
  4 orc priests
  2 orc wizards
  Jessica (D:4)
  An iguana (D:5)
  Ijyb (D:3)
  3 worker ants
  A hound skeleton (D:4)
  Robin (D:3)
  6 gnolls (D:5)
  3 adders
  A shadow imp (D:5)
  2 worms
  2 dart slugs (D:1)
  2 leopard geckos (D:1)
  17 orcs
  2 bats
  2 giant cockroaches (D:1)
  8 goblins
  7 hobgoblins
  12 kobolds
  2 ball pythons (D:1)
  3 rats
87 creatures vanquished.

Grand Total: 115 creatures vanquished

Notes
Turn   | Place    | Note
-------+----------+-------------------------------------------
     0 | D:1      | microfolk the Felid Summoner began the quest for the Orb.
     0 | D:1      | Reached XP level 1. HP: 7/7 MP: 4/4
  1111 | D:1      | Reached XP level 2. HP: 12/12 MP: 1/6
  1115 | D:1      | Learned a level 2 spell: Call Imp
  1357 | D:1      | Reached skill level 1 in Fighting
  1884 | D:2      | Reached XP level 3. HP: 15/15 MP: 4/7
  1889 | D:2      | Learned a level 3 spell: Call Canine Familiar
  2073 | D:2      | Found a hazy altar of Hepliaklqana.
  2214 | D:2      | Found a shattered altar of Ashenzari.
  2371 | D:2      | Found a hide-covered altar of Uskayaw.
  2371 | D:2      | Noticed a hand axe
  2372 | D:2      | Noticed a hand axe
  2641 | D:3      | Noticed Ijyb
  2670 | D:3      | Killed Ijyb
  3415 | D:3      | Noticed Robin
  3429 | D:2      | Reached XP level 4. HP: 19/19 MP: 9/9
  3652 | D:3      | Killed Robin
  3936 | D:3      | Found a shimmering altar of Xom.
  3937 | D:3      | Found a radiant altar of Vehumet.
  4622 | D:3      | Killed from afar by an orc priest
  4623 | D:3      | Reached XP level 3. HP: -6/16 MP: 7/8
  5054 | D:3      | Reached XP level 4. HP: 19/19 MP: 6/9
  5690 | D:4      | Reached XP level 5. HP: 23/23 MP: 4/10
  5744 | D:4      | Learned a level 4 spell: Summon Lightning Spire
  5792 | D:4      | Found a sparkling altar of Nemelex Xobeh.
  5792 | D:4      | Noticed Jessica
  6106 | D:4      | Noticed a phantom
  6314 | D:5      | Entered Level 5 of the Dungeon
  6314 | D:5      | Noticed a phantom
  6472 | D:5      | Found a burning altar of Makhleb.
  6572 | D:5      | Reached skill level 5 in Summonings
  6770 | D:5      | Reached skill level 1 in Air Magic
  7574 | D:5      | Noticed Edmund
  7731 | D:4      | Killed Jessica
  7825 | D:5      | Found an opulent altar of Gozag.
  7894 | D:5      | Gained mutation: You are covered in thick fur. (AC +2) [Felid growth]
  7894 | D:5      | Reached XP level 6. HP: 28/28 MP: 6/11
  7908 | D:5      | Noticed Menkaure
  8448 | D:5      | Killed Edmund
  8711 | D:5      | Killed from afar by an orc priest

Skill      XL: |  1  2  3  4  5  6 |
---------------+-------------------+-----
Stealth        | 3 |  3.0
Fighting       | 1 2 3 |  3.3
Spellcasting   | 3 |  3.0
Dodging        | 4 |  4.2
Summonings     | 5 |  5.3
Air Magic      | 1 2 |  2.4

Action                   |  1- 3 |  4- 6 || total
-------------------------+-------+-------++-------
Melee: Unarmed           |    53 |    86 ||   139
       Bite              |     2 |    12 ||    14
 Cast: Summon Small Mamm |    79 |     6 ||    85
       Call Imp          |    17 |    67 ||    84
       Call Canine Famil |       |    14 ||    14
  Use: Scroll            |       |     8 ||     8
       Potion            |       |     3 ||     3
 Stab: Sleeping          |     6 |     1 ||     7
  Eat: Chunk             |    13 |    20 ||    33
Armor: Skin              |     4 |     3 ||     7
Dodge: Dodged            |    73 |   106 ||   179
